 Dungeon Crawl Stone Soup version 0.31.0-12-g77e489cdc1 (webtiles) character file.

Game seed: 856396947307571832

58 hawla the Magician (level 3, 0/20 HPs)
             Began as a Deep Elf Fire Elementalist on Feb 17, 2024.
             Succumbed to an adder's poison
             ... on level 2 of the Dungeon.
             The game lasted 00:03:47 (1276 turns).

hawla the Magician (Deep Elf Fire Elementalist)     Turns: 1276, Time: 00:03:47

Health: 0/20       AC:  2    Str:  5    XL:     3   Next: 76%
Magic:  7/10       EV: 12    Int: 21    God:
Gold:   53         SH:  0    Dex: 15    Spells: 8/9 levels left

rFire   . . .        i - +0 quarterstaff (vamp)
rCold   . . .        (shield currently unavailable)
rNeg    . . .        a - +0 robe
rPois   .            (no helmet)
rElec   .            (no cloak)
rCorr   .            (no gloves)
SInv    .            (no boots)
Will    .....        (no amulet)
Stlth   ++           (no ring)
HPRegen 0.23/turn    (no ring)
MPRegen 0.12/turn

%: no passive effects
@: lethally poisoned (0 -> -4)
A: no striking features
a: no special abilities


You were on level 2 of the Dungeon.
You visited 1 branch of the dungeon, and saw 2 of its levels.

You collected 53 gold pieces.

Inventory:

Hand Weapons
 i - a +0 vampiric quarterstaff (weapon)
Armour
 a - a +0 robe (worn)
Scrolls
 g - a scroll of teleportation
Potions
 b - a potion of magic
 h - a potion of cancellation


   Skills:
 - Level 1.0 Fighting
 - Level 2.4 Dodging
 - Level 3.0 Stealth
 + Level 3.6 Spellcasting
 - Level 3.0 Conjurations
 - Level 3.2 Fire Magic


You had 8 spell levels left.
You knew the following spells:

 Your Spells              Type           Power      Damage    Failure   Level
a - Foxfire               Conj/Fire      68%        2x1d7     3%          1

Your spell library contained the following spells:

 Spells                   Type           Power      Damage    Failure   Level
 Scorch                   Fire           34%        2d6       4%          2
 Sandblast                Erth           6%         2d5       13%         1
 Inner Flame              Hex/Fire       10%        N/A       19%         3
 Volatile Blastmotes      Fire/Tloc      20%        2d11      19%         3
 Stone Arrow              Conj/Erth      20%        3d8       21%         3
 Flame Wave               Conj/Fire      17%        2d7       34%         4
 Call Canine Familiar     Summ           3%         N/A       36%         3
 Passwall                 Erth           3%         N/A       36%         3
 Sigil of Binding         Hex            3%         N/A       36%         3
 Brom's Barrelling Bould  Conj/Erth      10%        2d3       56%         4
 Dimensional Bullseye     Hex/Tloc       1%         N/A       77%         4


Dungeon Overview and Level Annotations

Branches:
Dungeon (2/15)

Altars:


Message History

An adder is nearby!
An adder is nearby!
The adder hisses angrily.
You see here a jackal corpse.
You miss the adder. The adder bites you. x2
You barely miss the adder. The adder closely misses you. The adder bites you.
You are poisoned.
The adder poisons you!
You sock the adder!
You feel better.
The adder is heavily wounded.
You feel very sick. The adder misses you.
You are too injured to fight recklessly!
Casting: Foxfire (safe; 3% risk of failure)
Confirm with . or Enter, or press ? or * to list all spells.
You don't know that spell.
Casting: Foxfire (safe; 3% risk of failure)
Confirm with . or Enter, or press ? or * to list all spells.
You conjure some foxfire!
You feel sick. The adder bites you. The adder completely misses you.
Casting: Foxfire (safe; 3% risk of failure)
Confirm with . or Enter, or press ? or * to list all spells.
You conjure some foxfire!
You feel sick. The adder bites you.
* * * LOW HITPOINT WARNING * * *
You are lethally poisoned!
The adder poisons you!
* * * LOW HITPOINT WARNING * * *
You feel sick.
The foxfire hits the adder.
The adder is almost dead.
The foxfire hits the adder.
You kill the adder!
Unknown command.
Okay, then.
* * * LOW HITPOINT WARNING * * *
You feel sick.
Your foxfire dissipates!
* * * LOW HITPOINT WARNING * * *
You feel sick.
Your foxfire dissipates!
You die...

#...)...#
#.#####.# ## #.
#.# ... #.# #.#
..# ..# #.##.#.#
##.#.#§###......#
.....§†..†.##.####
##.#.#.##.........
..# #.@##.#### #.#
#..# # #. #..# #
#..# #..# ....
#..# #...


There were no monsters in sight!

Vanquished Creatures
  2 adders (D:2)
  3 dart slugs
  2 ball pythons
  5 endoplasms (D:1)
  3 goblins
  A hobgoblin (D:1)
  6 jackals
  A kobold (D:1)
  5 bats (D:1)
  5 rats
33 creatures vanquished.

Vanquished Creatures (others)
  65 foxfires
65 creatures vanquished.

Grand Total: 98 creatures vanquished

Notes
Turn   | Place    | Note
-------+----------+-------------------------------------------
     0 | D:1      | hawla the Deep Elf Fire Elementalist began the quest for
                  | the Orb.
     0 | D:1      | Reached XP level 1. HP: 10/10 MP: 6/6
    81 | D:1      | Reached skill level 1 in Fighting
   190 | D:1      | Reached XP level 2. HP: 16/16 MP: 5/8
  1027 | D:1      | Reached XP level 3. HP: 17/20 MP: 7/9
  1274 | D:2      | HP: 1/20 [poisoned by an adder]
  1276 | D:2      | Succumbed to an adder's poison

Illustrated notes

Levels and vault maps discovered:
D:1:      dpeg_arrival_oval, layout_basic, kennysheep_nondescript
D:2:      layout_loops_ring, basic_altar, kennysheep_generic_room_14,
          uniq_sigmund

Skill      XL: |  1  2  3 |
---------------+----------+-----
Fighting       | 1 |  1.0
Stealth        | 3 |  3.0
Conjurations   | 2 3 |  3.0
Dodging        | |  2.4
Spellcasting   | |  3.6
Fire Magic     | |  3.2

Action                     || total
---------------------------++-------
  Melee: Unarmed           ||     2
         Quarterstaff      ||    16
   Cast: Foxfire           ||    38
    Use: Scroll            ||     6
 Armour: Robe              ||    14
  Dodge: Dodged            ||    11
